 Dungeon Crawl Stone Soup version 0.25.0 (webtiles) character file.

Game seed: 4530358087413385484

475 Arex the Covered (level 7, -8/44 HPs)
             Began as a Gargoyle Fighter on June 13, 2020.
             Was a Follower of Okawaru.
             Mangled by a mummy (13 damage)
             ... on level 4 of the Dungeon.
             The game lasted 00:08:35 (4017 turns).

Arex the Covered (Gargoyle Fighter)                 Turns: 4017, Time: 00:08:36

Health: -8/44      AC: 14    Str: 27    XL:     7   Next: 10%
Magic:  8/8        EV:  8    Int:  9    God:    Okawaru [*.....]
Gold:   106        SH: 11    Dex:  9    Spells: 6/6 levels left

rFire    . . .     SeeInvis .   a - +0 flail
rCold    . . .     Gourm    .   c - +1 kite shield
rNeg     + + .     Faith    .   b - +0 scale mail
rPois    ∞         Spirit   .   p - +0 helmet
rElec    +         Reflect  .   (no cloak)
rCorr    .         Harm     .   g - +0 pair of gloves
MR       .....                  (no boots)
Stlth    ..........             (no amulet)
HPRegen  0.14/turn              r - +6 ring of strength
MPRegen  0.11/turn              q - ring of positive energy

@: no status effects
A: negative energy resistance 1, electricity resistance, unbreathing,
petrification resistance, rot immunity, AC +4
a: Heroism, Renounce Religion


You were on level 4 of the Dungeon.
You worshipped Okawaru.
Okawaru was aware of your devotion.
You were not hungry.

You visited 1 branch of the dungeon, and saw 4 of its levels.
You also visited: Ossuary.

You collected 106 gold pieces.

Inventory:

Hand Weapons
 a - a +0 flail (weapon)
Armour
 b - a +0 scale mail (worn)
 c - a +1 kite shield (worn)
 g - a +0 pair of gloves (worn)
 p - a +0 helmet (worn)
Jewellery
 l - an uncursed ring of stealth
 q - a ring of positive energy (right hand)
 r - a +6 ring of strength (left hand)
 u - an uncursed amulet of regeneration {unknown}
Wands
 w - a wand of paralysis (13)
Scrolls
 h - 3 scrolls of remove curse
 j - a scroll of noise {unknown}
 k - a scroll of enchant armour
 m - 2 scrolls of teleportation
 n - a scroll of magic mapping {unknown}
 s - a scroll of enchant weapon {unknown}
Potions
 d - a potion of might
 e - 3 potions of curing
 o - a potion of ambrosia {unknown}
 t - 3 potions of lignification {unknown}
 v - a potion of invisibility {unknown}
Comestibles
 f - 9 rations
 i - 3 chunks of flesh


   Skills:
 + Level 4.9 Fighting
 + Level 3.7 Maces & Flails
 + Level 5.0 Armour
 + Level 4.9 Shields
 + Level 2.2 Invocations


You had 6 spell levels left.
You didn't know any spells.
Your spell library contained the following spells:

 Spells                   Type           Power        Failure   Level  Hunger
 Magic Dart               Conj           #...         97%         1    ##.....
 Blink                    Tloc           N/A          99%         2    ###....
 Call Imp                 Summ           #.......     99%         2    ###....
 Slow                     Hex            #.......     99%         2    ###....
 Conjure Flame            Conj/Fire      #.......     100%        3    ####...
 Mephitic Cloud           Conj/Pois/Air  #.......     100%        3    ####...


Dungeon Overview and Level Annotations

Branches:
Dungeon (4/15)            Ossuary (visited)
 Temple: D:4-7

Altars:
Dithmenos
Hepliaklqana
Okawaru

Annotations:
D:3 1 transporter, howech's ghost, amateur HuFi


Innate Abilities, Weirdness & Mutations

You are resistant to torment.
Your stone body is resilient. (AC +4)
You are immune to poison.
You resist negative energy. (rN+)
You are resistant to electric shocks. (rElec)
You can survive without breathing.
You are immune to petrification.
You are immune to rotting.


Message History

The kobold zombie hits you but does no damage.
Welcome back to the Dungeon!
There is a collapsed entrance here.
You feel better. The mummy closely misses you.
You sock the mummy!
The mummy is severely damaged.
The mummy hits you but does no damage.
You barely miss the mummy.
The mummy is severely damaged.
You block the mummy's attack.
Your shield and scale mail prevent you from hitting the mummy.
The mummy is severely damaged.
You hit the mummy.
The mummy is almost destroyed.
The mummy hits you!
* * * LOW HITPOINT WARNING * * *
You hit the mummy.
The mummy is almost destroyed.
The mummy hits you!
You die...

### ##. ##@## #..
##.M.## ## #...
#.....# .#
#..#####'#####.#
##..............#
#...............####
#...................
#...............###
#...............#####


You could see a mummy.

Vanquished Creatures
  A bullfrog skeleton (D:4)
  2 iguanas
  Terence (D:2)
  Natasha (thrice) (D:3)
  2 worker ants
  2 mummies
  Robin (D:2)
  11 adders
  A worm (D:2)
  An adder skeleton (D:4)
  4 dart slugs
  3 leopard geckos
  6 orcs
  4 giant cockroaches
  14 goblins
  13 hobgoblins
  2 jackals (D:3)
  A quokka (D:2)
  A ball python (D:1)
  9 bats
  6 frilled lizards
  2 gnoll zombies (Ossuary)
  2 hobgoblin zombies (Ossuary)
  9 kobolds
  A kobold zombie (Ossuary)
  7 rats
109 creatures vanquished.

Notes
Turn   | Place    | Note
-------+----------+-------------------------------------------
     0 | D:1      | Arex the Gargoyle Fighter began the quest for the Orb.
     0 | D:1      | Reached XP level 1. HP: 14/14 MP: 1/1
   312 | D:1      | Reached XP level 2. HP: 17/19 MP: 2/2
   530 | D:1      | Reached XP level 3. HP: 23/23 MP: 3/3
  1241 | D:2      | Reached XP level 4. HP: 26/29 MP: 4/4
  1273 | D:2      | Noticed Robin
  1293 | D:2      | Reached skill level 4 in Armour
  1305 | D:2      | Killed Robin
  1532 | D:2      | Reached XP level 5. HP: 16/33 MP: 5/5
  1793 | D:2      | Found a hazy altar of Hepliaklqana.
  1821 | D:2      | Found an iron altar of Okawaru.
  1840 | D:2      | Became a worshipper of Warmaster Okawaru
  2682 | D:3      | Reached skill level 1 in Invocations
  2731 | D:3      | Found a shadowy altar of Dithmenos.
  2749 | D:3      | Noticed Terence
  2767 | D:2      | Killed Terence
  2797 | D:3      | Reached XP level 6. HP: 39/39 MP: 6/6
  2918 | D:3      | Found a transporter.
  2919 | D:3      | Noticed howech's ghost (amateur HuFi)
  2953 | D:3      | Noticed Natasha
  2990 | D:3      | Killed Natasha
  3008 | D:3      | Noticed Natasha
  3019 | D:3      | Killed Natasha
  3162 | D:3      | Noticed Natasha
  3180 | D:3      | Killed Natasha
  3797 | D:4      | Reached * piety under Okawaru
  3797 | D:4      | Reached skill level 5 in Armour
  3797 | D:4      | Reached XP level 7. HP: 36/44 MP: 8/8
  3928 | D:4      | Found a sand-covered staircase.
  3960 | Ossuary  | Entered an ossuary
  4017 | D:4      | Mangled by a mummy

Illustrated notes

Levels and vault maps discovered:
D:1:      psy_arrival_fountain, layout_loops_ring, st_stairs_6, minmay_tripent
D:2:      layout_basic, lemuel_doored_altar, okawaru_metal_pillars_1_2,
          uniq_robin
D:3:      layout_basic, nicolae_dithmenos_shadow_blocks, gammafunk_ghost_smash,
          uniq_terence, uniq_natasha
D:4:      lemuel_castle_with_subvaults [lemuel_castle_interior_original],
          layout_rooms, gup_ossuary_entry_pyramid, first_ration

Skill      XL: |  1  2  3  4  5  6 |
---------------+-------------------+-----
Armour         | 4 5 |  5.0
Fighting       | 4 |  4.9
Shields        | 4 |  4.9
Maces & Flails | 3 |  3.7
Invocations    | 1 2 |  2.2

Action                   |  1- 3 |  4- 6 |  7- 9 || total
-------------------------+-------+-------+-------++-------
Melee: Flail             |   160 |   285 |    36 ||   481
  Use: Scroll            |     2 |     3 |       ||     5
       Potion            |       |       |     2 ||     2
  Eat: Chunk             |     1 |     9 |     1 ||    11
Armor: Scale mail        |    66 |   223 |    11 ||   300
       Ring mail         |    20 |       |       ||    20
Dodge: Dodged            |    56 |   111 |    16 ||   183
Block: Kite shield       |    79 |   205 |    26 ||   310
